 Dungeon Crawl Stone Soup version 0.28.0-53-g5a82cb258f (webtiles) character file.

Game seed: 7859420548189480057

188 quokkamancerX the Ogre Mage (level 5, 0/45 HPs)
             Began as an Ogre Conjurer on June 6, 2022.
             Killed from afar by Grinder (9 damage)
             ... with a puff of flame
             ... on level 4 of the Dungeon.
             The game lasted 00:07:27 (3298 turns).

quokkamancerX the Ogre Mage (Ogre Conjurer)         Turns: 3298, Time: 00:07:28

Health: 0/45       AC:  7    Str: 11    XL:     5   Next: 67%
Magic:  0/13       EV:  9    Int: 21    God:
Gold:   111        SH:  0    Dex:  7    Spells: 12/15 levels left

rFire   . . .      SeeInvis .   e - +0 short sword
rCold   . . .      Faith    .   (no shield)
rNeg    . . .      Spirit   .   a - +0 robe
rPois   .          Reflect  .   (helmet restricted)
rElec   .          Harm     .   (no cloak)
rCorr   .          Rampage  .   (gloves unavailable)
Will    .....                   (boots unavailable)
Stlth   +.........              (no amulet)
HPRegen 0.15/turn               b - +4 ring of protection
MPRegen 0.13/turn               (no ring)

@: no status effects
A: large, unfitting armour, tough skin 1
a: no special abilities


You were on level 4 of the Dungeon.
You visited 1 branch of the dungeon, and saw 4 of its levels.

You collected 153 gold pieces.
You spent 42 gold pieces at shops.

Inventory:

Hand Weapons
 e - a +0 short sword (weapon)
Armour
 a - a +0 robe (worn)
Jewellery
 b - a +4 ring of protection (left hand)
 f - a ring of fire
Scrolls
 d - 2 scrolls of teleportation
 g - a scroll of silence
 h - a scroll of fear {unknown}
 i - a scroll of blinking {unknown}
 k - a scroll of fog {unknown}
Potions
 c - a potion of brilliance {unknown}
 j - 2 potions of curing
 l - a potion of haste {unknown}
 m - 2 potions of mutation {unknown}
 n - 2 potions of lignification
 o - a potion of invisibility {unknown}


   Skills:
 - Level 1.7 Dodging
 - Level 1.4 Stealth
 + Level 5.7 Spellcasting
 + Level 4.3 Conjurations


You had 12 spell levels left.
You knew the following spells:

 Your Spells              Type           Power      Damage    Failure   Level
a - Magic Dart            Conj           96%        1d7       1%          1
b - Searing Ray           Conj           48%        2d6       2%          2

Your spell library contained the following spells:

 Spells                   Type           Power      Damage    Failure   Level
 Dazzling Flash           Conj/Hex       30%        N/A       12%         3
 Fulminant Prism          Conj/Hex       7%         3d7       38%         4
 Iskenderun's Mystic Bla  Conj/Tloc      15%        2d5       38%         4


Dungeon Overview and Level Annotations

Branches:
Dungeon (4/15)
 Temple: D:4-7

Altars:

Shops:
D:2 !

Annotations:
D:4 Grinder


Innate Abilities, Weirdness & Mutations

You are too large for most types of armour.
You have tough skin. (AC +1)


Message History

The searing ray hits Grinder.
Grinder is heavily wounded. (Press . to maintain the ray.) Grinder gestures at you.
Pain shoots through your body!
The searing ray hits Grinder.
Grinder is severely wounded.
Grinder zaps a wand.
The puff of flame misses you.
The searing ray hits Grinder.
Grinder is severely wounded.
Grinder barely misses you.
Your magical contamination has completely faded away.
The searing ray hits Grinder.
Grinder is severely wounded.
You finish channelling your searing ray.
Grinder zaps a wand.
The puff of flame hits you!
* * * LOW HITPOINT WARNING * * *
Casting: Searing Ray (safe; 2% risk of failure)
Confirm with . or Enter, or press ? or * to list all spells.
Aiming: Searing Ray (safe; 2% risk of failure)
Press: ? - help, Shift-Dir - straight line, f/p - Grinder
Aim: Grinder, carrying a wand of flame (20) (severely wounded, 77% to hit)
The searing ray hits Grinder.
Grinder is almost dead. (Press . to maintain the ray.) Grinder hits you.
* * * LOW HITPOINT WARNING * * *
Without enough magic to sustain it, your searing ray dissipates.
Grinder says, "Mostly I couldn't keep them alive."
Grinder hits you but does no damage.
Casting: Searing Ray (safe; 2% risk of failure)
Confirm with . or Enter, or press ? or * to list all spells.
You don't have enough magic to cast this spell.
Unknown command.
You aren't carrying any items that you can evoke.
You closely miss Grinder.
Grinder is almost dead.
Grinder blinks!
Grinder zaps a wand.
The puff of flame hits you!
You die...

##############
#...@....).5..
#.######.#####
#######.# #
#....##.######.#
#.##...........#
#.#####.#####..#
#.# #.# #.#
#.#####..# #.#
#.......>.


You could see Grinder.

Vanquished Creatures
  A bullfrog skeleton (D:4)
  A hound skeleton (D:4)
  A gnoll (D:1)
  8 adders
  An ufetubus (D:3)
  A dart slug (D:2)
  3 orcs (D:3)
  3 endoplasms
  2 giant cockroaches (D:1)
  10 goblins
  A hobgoblin (D:4)
  7 kobolds
  2 quokkas (D:1)
  7 ball pythons
  3 bats
  3 frilled lizards
  6 rats
60 creatures vanquished.

Vanquished Creatures (others)
  A plant (D:1)
1 creature vanquished.

Grand Total: 61 creatures vanquished

Notes
Turn   | Place    | Note
-------+----------+-------------------------------------------
     0 | D:1      | quokkamancerX the Ogre Conjurer began the quest for the
                  | Orb.
     0 | D:1      | Reached XP level 1. HP: 16/16 MP: 3/3
   334 | D:1      | Reached skill level 3 in Spellcasting
   334 | D:1      | Reached XP level 2. HP: 24/24 MP: 1/6
   617 | D:1      | Reached XP level 3. HP: 31/31 MP: 2/8
   727 | D:1      | Reached skill level 4 in Spellcasting
  1681 | D:2      | Found Xihalis's Distillery.
  1686 | D:2      | Bought a potion of curing for 42 gold pieces
  1999 | D:3      | Learned a level 2 spell: Searing Ray
  2012 | D:3      | Reached XP level 4. HP: 39/39 MP: 2/10
  2081 | D:3      | Reached skill level 5 in Spellcasting
  2644 | D:3      | Reached XP level 5. HP: 45/45 MP: 8/12
  3281 | D:4      | Noticed Grinder
  3298 | D:4      | Killed from afar by Grinder

Illustrated notes

Levels and vault maps discovered:
D:1:      zelgadis_glass_arrival_small, layout_basic, minmay_misc_feat_iff,
          serial_bayou_pond_d
D:2:      layout_basic, serial_shops, nicolae_shop_hallway_stairs,
          moated_statue, hex_tiny
D:3:      layout_basic
D:4:      layout_loops_ring, mainiacjoe_overflow_24_doors, uniq_grinder,
          uniq_eustachio

Skill      XL: |  1  2  3  4  5 |
---------------+----------------+-----
Spellcasting   | 3 4 5 |  5.7
Conjurations   | 4 |  4.3
Dodging        | |  1.7
Stealth        | |  1.4

Action                   |  1- 3 |  4- 6 || total
-------------------------+-------+-------++-------
Melee: Unarmed           |    10 |       ||    10
       Short sword       |     7 |     2 ||     9
 Cast: Magic Dart        |    70 |    38 ||   108
       Searing Ray       |     2 |     8 ||    10
  Use: Scroll            |       |     3 ||     3
Armor: Robe              |    15 |     4 ||    19
Dodge: Dodged            |    22 |     6 ||    28
